 Dungeon Crawl Stone Soup version 0.31.0-11-ge490571c62 (webtiles) character file.

Game seed: 4255894855099596009

1556 hawla the Cutter (level 8, -3/41 HPs)
             Began as a Deep Elf Fire Elementalist on Jan 29, 2024.
             Was an Initiate of Vehumet.
             Killed from afar by an electric eel (4 damage)
             ... with a bolt of electricity
             ... in a bailey.
             The game lasted 00:15:03 (6095 turns).

hawla the Cutter (Deep Elf Fire Elementalist)       Turns: 6095, Time: 00:15:04

Health: -3/41      AC:  3    Str:  5    XL:     8   Next: 58%
Magic:  0/14       EV: 13    Int: 23    God:    Vehumet [......]
Gold:   185        SH:  0    Dex: 12    Spells: 3/13 levels left

rFire   + + +        j - +7 falchion "Plojy" {flame, *Noise rF+++ Dex-3 Stlth+}
rCold   + . .        (no shield)
rNeg    . . .        a - +0 robe
rPois   +            (no helmet)
rElec   +            r - +0 cloak
rCorr   +            (no gloves)
SInv    .            (no boots)
Will    .....        (no amulet)
Stlth   +++          (no ring)
HPRegen 0.26/turn    (no ring)
MPRegen 0.14/turn

%: no passive effects
@: resistant
A: no striking features
a: Renounce Religion


You were in a bailey.
You worshipped Vehumet.
Vehumet was noncommittal.
You visited 2 branches of the dungeon, and saw 8 of its levels.
You also visited: Bailey.

You collected 322 gold pieces.
You spent 137 gold pieces at shops.

Inventory:

Hand Weapons
 c - the +1 dagger "Naluagum" {flame, Int+6}
   (You found it on level 4 of the Dungeon)

   Int+6:     It affects your intelligence (+6).
 j - the +7 falchion "Plojy" (weapon) {flame, *Noise rF+++ Dex-3 Stlth+}
   (You found it on level 3 of the Dungeon)

   Dex-3:     It affects your dexterity (-3).
   rF+++:     It renders you almost immune to fire.
   *Noise:    It may make a loud noise when swung.
   Stlth+:    It makes you more stealthy.
Armour
 a - a +0 robe (worn)
 g - a +0 pair of boots
 r - a +0 cloak (worn)
Wands
 o - a wand of charming (4) (quivered)
Scrolls
 f - 2 scrolls of teleportation
 l - a scroll of fog
 q - 2 scrolls of immolation
Potions
 d - 4 potions of berserk rage
 e - 2 potions of lignification
 i - a potion of degeneration
 m - a potion of magic
 p - a potion of might


   Skills:
 + Level 7.8 Short Blades
 - Level 5.0 Dodging
 - Level 2.4 Stealth
 - Level 3.0 Spellcasting
 - Level 6.0 Conjurations
 - Level 3.2 Fire Magic
 - Level 1.0 Ice Magic
 - Level 3.0 Evocations


You had 3 spell levels left.
You knew the following spells:

 Your Spells              Type           Power      Damage    Failure   Level
a - Foxfire               Conj/Fire      96%        2x1d8     1%          1
b - Scorch                Fire           36%        2d6       4%          2
c - Flame Wave            Conj/Fire      24%        2d8       17%         4
d - Hailstorm             Conj/Ice       19%        3d7       9%          3

Your spell library contained the following spells:

 Spells                   Type           Power      Damage    Failure   Level
 Freeze                   Ice            32%        1d5       8%          1
 Stone Arrow              Conj/Erth      34%        3d9       10%         3
 Mephitic Cloud           Conj/Alch/Air  12%        N/A       16%         3
 Mercury Vapours          Alch/Air       6%         N/A       17%         2
 Inner Flame              Hex/Fire       11%        N/A       19%         3
 Volatile Blastmotes      Fire/Tloc      22%        2d11      19%         3
 Frozen Ramparts          Ice            16%        1d3       22%         3
 Animate Armour           Summ/Erth      6%         N/A       75%         4
 Freezing Cloud           Conj/Ice/Air   7%         6-21      77%         5
 Lehudib's Crystal Spear  Conj/Erth      8%         10d4      100%        8


Dungeon Overview and Level Annotations

Branches:
Dungeon (7/15)             Temple (1/1) D:6          Bailey (1/1)

Altars:
Ashenzari
Cheibriados
Dithmenos
Elyvilon
Fedhas
Gozag
Hepliaklqana
Nemelex Xobeh
Okawaru
Qazlal
Ru
Sif Muna
Trog
Uskayaw
Vehumet
Xom
Yredelemnul
Zin
The Shining One

Shops:
D:1 ?

Annotations:
D:3 3 runed translucent doors, Eli6969696's ghost, amateur DsFE; turdburglar's ghost, amateur DrSh
D:6 Grinder


Message History

The hobgoblin attacks as it pursues you!
The hobgoblin misses you.
Items here: )) [[ †.
You feel better.
Your surroundings suddenly seem different.
Splash!
You fall into the shallow water.
Moving in this stuff is going to be slow. 2 electric eels come into view.
An electric eel comes into view.
The electric eel shoots out a bolt of lightning at you!
The bolt of electricity misses you.
Search for what [Enter for "rmo", or ? for help]? relec You feel protected.
Casting: Hailstorm (dangerous; 9% risk of failure)
Confirm with . or Enter, or press ? or * to list all spells.
You conjure some foxfire!
The electric eel shoots out a bolt of lightning at you!
The bolt of electricity hits you. You resist.
The electric eel shoots out a bolt of lightning at you!
The bolt of electricity hits you. You resist.
The electric eel shoots out a bolt of lightning at you!
The bolt of electricity hits your foxfire!
The bolt of electricity hits you. You resist.
* * * LOW HITPOINT WARNING * * *
The bolt of electricity hits your foxfire! x2
The bolt of electricity hits you. You resist.
* * * LOW HITPOINT WARNING * * *
The bolt of electricity hits your foxfire!
The foxfire hits the electric eel.
The electric eel is lightly wounded.
The electric eel shoots out a bolt of lightning at you!
The bolt of electricity hits you. You resist.
* * * LOW HITPOINT WARNING * * *
The bolt of electricity misses you.
The electric eel is engulfed in a cloud of scalding steam.
The electric eel shoots out a bolt of lightning at you!
The bolt of electricity misses you.
The electric eel shoots out a bolt of lightning at you!
The bolt of electricity hits you. You resist.
You die...

*~~~~~~~≈≈≈≈≈≈≈≈≈≈≈≈≈≈≈≈~~~~~~~
*~~~~~~≈≈≈≈≈≈≈≈≈≈≈≈≈≈S≈~~~~~~~~
*~~~~~~≈≈≈≈≈≈≈≈≈≈≈≈≈≈≈≈~~~~~~~~
*~~~~~~≈≈≈≈S≈≈≈≈≈≈≈≈≈≈≈~~~~~~~~
*~~~~~~≈≈≈≈≈≈≈≈≈≈≈≈≈≈≈≈~~~~~~~~
*~~~~~~≈≈≈≈≈≈≈≈S≈≈≈≈≈≈≈~~~~~~~~
*~~~~~~~≈≈≈≈≈≈≈≈≈≈≈≈≈≈≈~~~~~~~~
*~~~~~*****#~~~~~~~~~~~~~******
*~~~~~*,*,,+..@........,,+,,*,*
*~~~~~*+*,,############***,,*+*
*~~~~~*,,,,*,,,,,,,*,,,,,+,,,,*
###≈≈≈≈≈#,,,,*,8,8,8,+,,,,,*,,,,*
###≈≈≈≈≈###***,,,**************,*
###≈≈≈≈≈~.#,,,,,,*,,,,+,,*,+,,*,~
###.≈≈≈≈~.#,,,,,,*,,,,*,,*,*,,*,~
....≈≈≈≈~.#++####*,,,,*,,+,*,,*,~
....≈≈≈≈§.#.....#*,,,,*********,~


You could see 3 electric eels.

Vanquished Creatures
  Sigmund (D:5)
  A water moccasin (D:6)
  An orc warrior (Bailey)
  2 black bears (D:5)
  An ogre (D:4)
  Blork the orc (D:6)
  2 bullfrogs
  2 scorpions
  A bombardier beetle (D:5)
  A hound (D:6)
  2 jellies (D:6)
  A gnoll bouda (D:4)
  5 iguanas
  17 gnolls
  5 adders
  2 ufetubi (D:6)
  2 ribbon worms (D:2)
  2 dart slugs
  12 orcs
  6 ball pythons
  12 endoplasms
  7 giant cockroaches
  19 goblins
  7 hobgoblins
  4 jackals
  A quokka (D:2)
  3 bats
  2 frilled lizards
  8 kobolds
  4 rats
134 creatures vanquished.

Vanquished Creatures (collateral kills)
  2 foxfires (D:1)
2 creatures vanquished.

Vanquished Creatures (others)
  270 foxfires
270 creatures vanquished.

Grand Total: 406 creatures vanquished

Notes
Turn   | Place    | Note
-------+----------+-------------------------------------------
     0 | D:1      | hawla the Deep Elf Fire Elementalist began the quest for
                  | the Orb.
     0 | D:1      | Reached XP level 1. HP: 10/10 MP: 6/6
   338 | D:1      | Reached XP level 2. HP: 15/15 MP: 5/8
   490 | D:1      | Found a faded altar of an unknown god.
   500 | D:1      | Learned a level 2 spell: Scorch
   551 | D:1      | Reached XP level 3. HP: 19/19 MP: 6/9
   734 | D:1      | Found Foussof's Magic Scroll Shoppe.
   742 | D:1      | Bought a scroll of teleportation for 33 gold pieces
  1232 | D:2      | Reached XP level 4. HP: 23/24 MP: 0/10
  1485 | D:2      | Reached skill level 5 in Conjurations
  1490 | D:2      | Learned a level 4 spell: Flame Wave
  1792 | D:2      | Reached XP level 5. HP: 28/28 MP: 4/11
  1919 | D:1      | Bought a scroll of revelation for 82 gold pieces
  2241 | D:3      | Found a runed translucent gate.
  2243 | D:3      | Found a runed translucent gate.
  2244 | D:3      | Found a runed translucent gate.
  2245 | D:3      | Noticed turdburglar's ghost (amateur DrSh)
  2245 | D:3      | Noticed Eli6969696's ghost (amateur DsFE)
  2352 | D:3      | Identified the +7 falchion "Plojy" {flame, *Noise rF+++
                  | Dex-3 Stlth+}
  2851 | D:4      | Reached XP level 6. HP: 32/32 MP: 9/12
  2979 | D:4      | Identified the +1 dagger "Naluagum" {flame, Int+6}
  3026 | D:4      | Reached skill level 5 in Dodging
  3026 | D:4      | Reached skill level 2 in Short Blades
  3223 | D:1      | Bought a scroll of identify for 22 gold pieces
  3648 | D:5      | Entered Level 5 of the Dungeon
  3653 | D:5      | Reached skill level 3 in Short Blades
  3759 | D:5      | Identified the +10 hand axe "Tysoskokei" {freeze, Int+3}
  3819 | D:5      | Reached XP level 7. HP: 18/36 MP: 10/13
  3929 | D:5      | Reached skill level 4 in Short Blades
  4191 | D:5      | Noticed Sigmund
  4202 | D:5      | Killed Sigmund
  4203 | D:5      | Reached skill level 5 in Short Blades
  4203 | D:5      | Reached skill level 1 in Ice Magic
  4806 | D:6      | Reached XP level 8. HP: 41/41 MP: 7/14
  4995 | D:6      | Reached skill level 6 in Short Blades
  5038 | D:6      | Noticed Blork the orc
  5045 | D:6      | Killed Blork the orc
  5163 | D:6      | Found a staircase to the Ecumenical Temple.
  5171 | Temple   | Entered the Ecumenical Temple
  5178 | Temple   | Became a worshipper of Vehumet
  5472 | D:6      | Noticed Grinder
  5481 | D:6      | Reached skill level 7 in Short Blades
  5947 | D:7      | Found a flagged portal.
  6018 | Bailey   | Entered a bailey
  6044 | Bailey   | Learned a level 3 spell: Hailstorm
  6095 | Bailey   | HP: 1/41 [electric eel/bolt of electricity (4)]
  6095 | Bailey   | Killed from afar by an electric eel

Illustrated notes

Levels and vault maps discovered:
D:1:      dpeg_arrival_castle, layout_basic, serial_shops,
          nicolae_shop_advertising_works [nicolae_subvault_shop_adworks],
          shapermc_ecumenical_altar_acropolis, minmay_misc_feat_square
D:2:      layout_rooms
D:3:      layout_rooms, gammafunk_ghost_cemetery
D:4:      wander_river, layout_loops_ring
D:5:      layout_gridville, uniq_sigmund
D:6:      layout_loops_ring, minmay_temple_entry_hall, uniq_blork_the_orc,
          uniq_grinder
D:7:      layout_basic, enter_bailey_3, serial_shops, kennysheep_little_box,
          due_unseen_surprise
Temple:   compressed_dpeg_triangle_lava_temple
Bailey:   bailey_axe_of_yendor_kennysheep, bailey

Skill      XL: |  1  2  3  4  5  6  7  8 |
---------------+-------------------------+-----
Conjurations   | 2 3 4 5 6 |  6.0
Dodging        | 4 5 |  5.0
Short Blades   | 3 5 7 |  7.8
Ice Magic      | 1 |  1.0
Evocations     | 3 |  3.0
Stealth        | |  2.4
Spellcasting   | |  3.0
Fire Magic     | |  3.2

Action                     |  1- 3 |  4- 6 |  7- 9 || total
---------------------------+-------+-------+-------++-------
  Melee: Unarmed           |     5 |     4 |       ||     9
         Falchion          |       |    16 |     1 ||    17
         Dagger            |       |    26 |    41 ||    67
   Cast: Foxfire           |    59 |    65 |    33 ||   157
         Scorch            |     2 |    24 |    19 ||    45
         Flame Wave        |       |     2 |     4 ||     6
         Hailstorm         |       |       |     4 ||     4
    Use: Scroll            |     1 |     3 |    11 ||    15
         Potion            |       |     2 |     4 ||     6
   Stab: Sleeping          |       |     2 |     1 ||     3
 Armour: Robe              |     7 |    37 |    36 ||    80
  Dodge: Dodged            |    12 |    62 |    33 ||   107
